 Dungeon Crawl Stone Soup version 0.28.0-45-g0d030f2227 (webtiles) character file.

Game seed: 12029455820639476423

5516 selver the Slinger (level 10, 0/53 HPs)
             Began as a Spriggan Brigand on Apr 10, 2022.
             Was an Elder of Wu Jian.
             Succumbed to a hornet's poison
             ... on level 8 of the Dungeon.
             The game lasted 01:25:52 (15710 turns).

selver the Slinger (Spriggan Brigand)              Turns: 15710, Time: 01:25:53

Health: 0/53       AC:  8    Str: 13    XL:     10   Next: 43%
Magic:  20/20      EV: 19    Int: 13    God:    Wu Jian [****..]
Gold:   512        SH:  0    Dex: 23    Spells: 9/9 levels left

rFire   + . .      SeeInvis +   a - +0 dagger (venom)
rCold   + . .      Faith    .   (no shield)
rNeg    . . .      Spirit   .   q - +0 acid dragon scales
rPois   +          Reflect  .   (helmet restricted)
rElec   +          Harm     .   o - +1 cloak
rCorr   +          Rampage  .   (gloves unavailable)
Will    +....                   (boots unavailable)
Stlth   +++.......              (no amulet)
HPRegen 0.17/turn               g - +6 ring of strength
MPRegen 0.17/turn               w - ring of Cutukku {rElec MP+9 Dex+2 SInv}

@: lethally poisoned (0 -> -3), resistant, on berserk cooldown, slowed, quick
A: very small, no large weapons, unfitting armour, see invisible, speed 3
a: Renounce Religion, Wall Jump, Serpent's Lash


You were on level 8 of the Dungeon.
You worshipped Wu Jian.
Wu Jian was greatly pleased with you.
You visited 2 branches of the dungeon, and saw 10 of its levels.

You collected 512 gold pieces.

Inventory:

Hand Weapons
 a - a +0 dagger of venom (weapon)
 b - a +0 hunting sling
 i - a +1 dagger of speed
 n - a +2 dagger
 r - a +1 dagger of holy wrath
 v - a +1 antimagic dagger
 B - a +2 dagger of pain
 G - a +0 whip
Missiles
 d - 3 throwing nets
 j - 233 stones
 l - 24 poisoned darts (quivered)
 E - a curare-tipped dart
 I - 5 sling bullets
Armour
 o - a +1 cloak (worn)
 q - +0 acid dragon scales (worn)
 y - a +2 robe of willpower
Jewellery
 g - a +6 ring of strength (left hand)
 w - the ring of Cutukku (right hand) {rElec MP+9 Dex+2 SInv}
   (You took it off an orc on level 4 of the Dungeon)

   [ring of magical power]

   Dex:       It affects your dexterity (+2).
   rElec:     It insulates you from electricity.
   MP:        It affects your magic capacity (+9).
   SInv:      It lets you see invisible.
 A - a ring of positive energy
Wands
 c - a wand of iceblast (4)
 C - a wand of paralysis (11)
Scrolls
 e - a scroll of teleportation
 s - a scroll of magic mapping
 t - a scroll of fear {unknown}
 x - 2 scrolls of immolation {unknown}
 F - a scroll of silence {unknown}
Potions
 f - a potion of attraction
 h - 6 potions of flight
 k - a potion of cancellation
 m - 2 potions of brilliance
 p - 3 potions of degeneration
 u - 4 potions of mutation


   Skills:
 - Level 5.8 Fighting
 - Level 10.0 Short Blades
 * Level 11.4(12.0) Slings
 - Level 4.7(7.8) Throwing
 - Level 4.0 Dodging
 - Level 5.8 Stealth


You had 9 spell levels left.
You didn't know any spells.
Your spell library contained the following spells:

 Spells                   Type           Power      Damage    Failure   Level
 Animate Skeleton         Necr           0%         N/A       41%         1
 Foxfire                  Conj/Fire      0%         2x1d4     41%         1
 Pain                     Necr           0%         1d4       41%         1
 Dazzling Flash           Conj/Hex       0%         N/A       80%         3
 Vampiric Draining        Necr           0%         2d6       80%         3
 Passage of Golubria      Tloc           0%         N/A       99%         4
 Agony                    Necr           0%         N/A       100%        5
 Freezing Cloud           Conj/Ice/Air   0%         6-21      100%        5
 Silence                  Hex/Air        0%         N/A       100%        5
 Summon Forest            Summ/Tloc      0%         N/A       100%        5
 Eringya's Noxious Bog    Tmut/Pois      0%         N/A       100%        6
 Simulacrum               Ice/Necr       0%         N/A       100%        6
 Storm Form               Tmut/Air       0%         N/A       100%        7
 Summon Hydra             Summ           0%         N/A       100%        7
 Lehudib's Crystal Spear  Conj/Erth      0%         10d2      100%        8


Dungeon Overview and Level Annotations

Branches:
Dungeon (9/15)             Temple (1/1) D:4
   Lair: D:8-11         Orc: D:9-12

Altars:
Ashenzari
Cheibriados
Dithmenos
Elyvilon
Fedhas
Gozag
Hepliaklqana
Makhleb
Nemelex Xobeh
Okawaru
Qazlal
Ru
Sif Muna
Trog
Vehumet
Wu Jian
Xom
Zin
The Shining One


Innate Abilities, Weirdness & Mutations

You are very small and have problems with some larger weapons.
You are too small for most types of armour.
You have supernaturally acute eyesight. (SInv)
You cover ground extremely quickly. (Speed+++)


Message History

You feel sick. The hornet completely misses you.
You hit the hornet.
The hornet looks as sick as possible!
The hornet is heavily wounded.
You feel sick.
You hit the hornet.
The hornet looks as sick as possible!
The hornet is severely wounded.
You feel sick.
The hornet stings you but does no damage.
You closely miss the hornet.
The hornet is almost dead.
You hit the hornet.
The hornet looks as sick as possible!
The hornet is almost dead.
You feel sick. The hornet stings you.
* * * LOW HITPOINT WARNING * * *
You feel yourself slow down.
You closely miss the hornet.
The hornet is almost dead.
* * * LOW HITPOINT WARNING * * *
You feel sick.
You kill the hornet!
The Council accepts your kill.
There is a lethal amount of poison in your body!
You are too berserk!
You are too berserk!
Okay, then.
You feel yourself speed up.
* * * LOW HITPOINT WARNING * * *
You feel sick.
Unknown command.
You feel a strong urge to attack something.
* * * LOW HITPOINT WARNING * * *
You feel sick.
You feel your anger nearly subside.
You are no longer berserk.
You are exhausted.
You feel yourself slow down.
* * * LOW HITPOINT WARNING * * *
You feel sick.
It was a potion of resistance.
You feel protected.
You die...

#.##.#.#.#.#....#
#......#.#......##
#..#.........#...###
#.....##.##........#
..###.#...#.###....#
#.#...........#.#..# ####
..###.#...#.###....###..#####
......##.##.....#[.....#....## #
.#.#.........#.#@†.......##..####
.......#.#.......####............
#....#.#.#.#.###.###..####......#
#......###)..........####..#.####
...........#####.#........##.#
........#..##......#########.#
#####.#....#..#..### #.#
####..####...##.## #.##
.....#..........##### #..#


There were no monsters in sight!

Vanquished Creatures
  Grinder (D:3)
  2 hornets
  Eustachio (D:5)
  3 steam dragons (D:8)
  An acid dragon (D:8)
  Menkaure (D:5)
  6 water moccasins
  2 ice beasts (D:7)
  Pargi (D:3)
  2 orc warriors
  A sky beast (D:7)
  An ogre (D:7)
  A centaur (D:6)
  3 black bears (D:4)
  3 kobold brigands
  Blork the orc (D:5)
  A bullfrog (D:6)
  A wyvern zombie (D:8)
  A gnoll sergeant (D:4)
  5 scorpions
  2 water moccasin zombies (D:5)
  A water moccasin skeleton (D:6)
  3 howler monkeys (D:5)
  2 jellies
  2 centaur zombies (D:8)
  5 orc priests
  10 hounds
  3 centaur skeletons
  2 gnoll shamans (D:5)
  5 orc wizards
  An iguana (D:6)
  A scorpion zombie (D:5)
  2 killer bee zombies
  A hound skeleton (D:4)
  A howler monkey zombie (D:8)
  7 adders
  30 gnolls
  5 shadow imps
  2 white imps (D:8)
  An ufetubus (D:5)
  An adder skeleton (D:5)
  3 worms
  3 dart slugs
  36 orcs
  3 ball pythons
  7 endoplasms
  6 giant cockroaches
  6 hobgoblins
  16 jackals
  13 kobolds
  4 quokkas
  4 bats
  3 frilled lizards
  11 goblins
  8 rats
248 creatures vanquished.

Vanquished Creatures (others)
  5 fungi (D:3)
  3 plants
8 creatures vanquished.

Grand Total: 256 creatures vanquished

Notes
Turn   | Place    | Note
-------+----------+-------------------------------------------
     0 | D:1      | selver the Spriggan Brigand began the quest for the Orb.
     0 | D:1      | Reached XP level 1. HP: 10/10 MP: 2/2
   248 | D:1      | Reached XP level 2. HP: 15/15 MP: 3/3
   770 | D:1      | Reached XP level 3. HP: 18/18 MP: 4/4
  1649 | D:2      | Reached XP level 4. HP: 23/23 MP: 5/5
  2338 | D:3      | Noticed Pargi
  2341 | D:3      | Killed Pargi
  2342 | D:3      | Reached XP level 5. HP: 27/27 MP: 6/6
  2659 | D:3      | Noticed Grinder
  2947 | D:3      | Killed Grinder
  2948 | D:3      | Reached skill level 5 in Short Blades
  2948 | D:3      | Reached XP level 6. HP: 32/32 MP: 7/7
  3297 | D:3      | Found a faded altar of an unknown god.
  3316 | D:3      | Got Plato's Papyrus of Flames
  3393 | D:3      | Reached XP level 7. HP: 22/36 MP: 8/8
  4393 | D:4      | Found a staircase to the Ecumenical Temple.
  4412 | Temple   | Entered the Ecumenical Temple
  4476 | Temple   | Became a worshipper of the Wu Jian Council
  4686 | D:4      | Identified the ring of Cutukku {rElec MP+9 Dex+2 SInv}
  5738 | D:4      | Reached skill level 1 in Slings
  5826 | D:5      | Entered Level 5 of the Dungeon
  5865 | D:5      | Reached skill level 2 in Slings
  5865 | D:5      | Reached XP level 8. HP: 42/42 MP: 9/9
  6093 | D:5      | Noticed Menkaure
  6113 | D:5      | Reached * piety under Wu Jian
  6451 | D:5      | Noticed Eustachio
  6494 | D:5      | Killed Eustachio
  6495 | D:5      | Reached skill level 3 in Slings
  6623 | D:5      | Noticed Blork the orc
  6648 | D:5      | Killed Blork the orc
  6785 | D:5      | Reached skill level 4 in Slings
  7744 | D:4      | Reached skill level 5 in Slings
  8400 | D:5      | Reached ** piety under Wu Jian
  8677 | D:5      | Found a hazy altar of Hepliaklqana.
  8732 | D:5      | Reached XP level 9. HP: 45/46 MP: 10/10
  9261 | D:5      | Reached skill level 5 in Fighting
  9409 | D:5      | Reached skill level 6 in Slings
  9819 | D:5      | Killed Menkaure
 10903 | D:6      | Reached skill level 7 in Slings
 10909 | D:6      | Reached *** piety under Wu Jian
 11076 | D:6      | Reached skill level 10 in Short Blades
 11177 | D:6      | Reached skill level 8 in Slings
 11401 | D:6      | Got Sif Muna's Volume of Cloudy Cold
 11616 | D:6      | Found a radiant altar of Vehumet.
 11668 | D:6      | Reached skill level 9 in Slings
 12624 | D:7      | Reached XP level 10. HP: 51/51 MP: 11/11
 12764 | D:7      | Found a glowing golden altar of the Shining One.
 13250 | D:7      | Reached skill level 10 in Slings
 13841 | D:8      | Found a stormy altar of Qazlal.
 14202 | D:8      | Found a broken altar of Ashenzari.
 15401 | D:8      | Reached skill level 11 in Slings
 15514 | D:9      | Reached **** piety under Wu Jian
 15709 | D:8      | HP: 2/53 [poisoned by a hornet]
 15710 | D:8      | Succumbed to a hornet's poison

Illustrated notes

Levels and vault maps discovered:
D:1:      amcnicky_arrival_underground_garden, layout_loops_ring
D:2:      minmay_door_path, layout_loops_cross
D:3:      layout_basic, shapermc_ecumenical_altar_rom_forum, uniq_pargi,
          uniq_grinder
D:4:      layout_loops_ring, minmay_temple_entry_statues_pillars
D:5:      lemuel_castle_with_subvaults [lemuel_castle_interior_carwin_2],
          layout_gridville, mainiacjoe_overflow_paths, uniq_blork_the_orc,
          uniq_eustachio, uniq_menkaure
D:6:      layout_cave_pools, vehumet_crystals, hangedman_minor_gate_pass
D:7:      layout_cave_pods, mainiacjoe_overflow_concentric_impassable
D:8:      layout_rooms, old_standard_altar, mainiacjoe_overflow_alcove_4,
          minmay_fractal_squares_5
D:9:      layout_layer_cave, old_standard_altar, minitemple
Temple:   nicolae_temple_great_sept

Skill      XL: |  1  2  3  4  5  6  7  8  9 10 |
---------------+-------------------------------+-----
Short Blades   | 3 4 5 6 7 9 10 | 10.0
Fighting       | 2 3 4 5 |  5.8
Throwing       | 3 4 |  4.7
Slings         | 2 5 9 11 | 11.4
Dodging        | 2 4 |  4.0
Stealth        | |  5.8

Action                   |  1- 3 |  4- 6 |  7- 9 | 10-12 || total
-------------------------+-------+-------+-------+-------++-------
Melee: Dagger            |    73 |    64 |   388 |   195 ||   720
       Punch             |       |     3 |     2 |     3 ||     8
 Fire: Hunting sling     |       |       |   596 |   116 ||   712
Throw: Dart              |    22 |    31 |    31 |     7 ||    91
       Stone             |     2 |     6 |    21 |       ||    29
Invok: Lunge             |       |       |    14 |     4 ||    18
       Whirlwind         |       |       |     7 |       ||     7
 Abil: Wall Jump         |       |       |       |     1 ||     1
Evoke: Wand              |       |       |     3 |       ||     3
  Use: Scroll            |       |     5 |    11 |       ||    16
       Potion            |       |     2 |     3 |     8 ||    13
 Stab: Sleeping          |    18 |     9 |     7 |     2 ||    36
       Distracted        |       |       |     1 |       ||     1
Armor: Robe              |     9 |     4 |    60 |     9 ||    82
       Acid dragon scale |       |       |       |    11 ||    11
       Skin              |       |       |       |     4 ||     4
Dodge: Dodged            |    33 |    29 |   265 |   117 ||   444
